 Dungeon Crawl Stone Soup version 0.14.0-26-g1682e81 (webtiles) character file.

318 Nihil the Covert (level 5, -1/26 HPs)
             Began as a Spriggan Assassin on Apr 26, 2014.
             Killed from afar by DasRunzen's ghost (9 damage)
             ... with a magic dart
             ... on Level 3 of the Dungeon.
             The game lasted 00:17:08 (5752 turns).

Nihil the Covert (Spriggan Assassin)                Turns: 5752, Time: 00:17:08

HP  -1/26        AC  4     Str  8      XL: 5   Next: 75%
MP  10/10        EV 21     Int 13      God:
Gold 85          SH  0     Dex 17      Spells:  0 memorised,  4 levels left

rFire  . . .     SeeInvis +     a - +2 dagger
rCold  . . .     Clarity  .     c - +0 robe
rNeg   . . .     Conserve .     (shield restricted)
rPois  .         rCorr    .     (helmet restricted)
rElec  .         rRot     .     d - +1 cloak
SustAb . .       Spirit   .     (gloves unavailable)
rMut   .         Warding  .     (boots unavailable)
Saprov . . .     Stasis   .     (no amulet)
MR     .....                    (no ring)
                                (no ring)

@: very quick, not resistant to hostile enchantments, very stealthy
A: unfitting armour, see invisible, herbivore 3, speed 3, slow metabolism 2
a: no special abilities


You were on level 3 of the Dungeon.
You were not hungry.

You visited 1 branch of the dungeon, and saw 3 of its levels.

You collected 85 gold pieces.

Inventory:

Hand weapons
 a - a +2,+2 dagger (weapon)
 b - a +0 blowgun
 j - a +3,+2 quarterstaff of chaos
 n - a +0,+0 dagger of protection
 r - a +2,+1 short sword of electrocution
Missiles
 e - 8 poisoned needles
 f - 2 curare-tipped needles
 o - 5 darts (quivered)
Armour
 c - a +0 robe (worn)
 d - a +1 cloak (worn)
Comestibles
 i - 2 bread rations
 l - an apple
 t - an orange
Scrolls
 h - a scroll of teleportation
Potions
 g - a potion of porridge
 k - a potion of might {unknown}
 m - a potion of curing {unknown}
 p - a potion of decay {unknown}
 q - 2 potions of invisibility
 s - a potion of poison {unknown}


   Skills:
 + Level 1.7 Fighting
 + Level 3.4 Short Blades
 + Level 2.3 Throwing
 + Level 5.4 Dodging
 + Level 8.0 Stealth


You had 4 spell levels left.
You didn't know any spells.

Dungeon Overview and Level Annotations

Branches:
Dungeon (3/15)

Altars:
Fedhas

Annotations:
D:3 DasRunzen's ghost, average OpCj


Innate Abilities, Weirdness & Mutations

You are tiny and cannot use many weapons and most armour.
You have supernaturally acute eyesight.
You are a herbivore.
You cover ground extremely quickly.
You need consume almost no food.


Message History

Aim: DasRunzen's ghost (lightly damaged)
You throw a dart. The dart hits DasRunzen's ghost.
DasRunzen's ghost is lightly damaged.
Throwing (i - inventory):
o - 7 darts (quivered)
Press: ? - help, Shift-Dir - straight line, f/p - DasRunzen's ghost
Aim: DasRunzen's ghost (lightly damaged)
You throw a dart. The dart hits DasRunzen's ghost.
DasRunzen's ghost is lightly damaged.
DasRunzen's ghost points at you and mumbles some strange words.
The magic dart hits you!
Throwing (i - inventory):
o - 6 darts (quivered)
Press: ? - help, Shift-Dir - straight line, f/p - DasRunzen's ghost
Aim: DasRunzen's ghost (lightly damaged)
You throw a dart. The dart hits DasRunzen's ghost.
DasRunzen's ghost is moderately damaged.
DasRunzen's ghost points at you and mumbles some strange words.
The magic dart hits you! DasRunzen's ghost casts a spell at you.
The magic dart hits you!
You die...

########.# #.##.#...###.#. #.#
#.##.#.........
########.##########.##.#.........
.................................
###......>(..######.##.#...#####.
#........(.# #.##.#...# #.
#.........(# ##.##.#...# #.
###.........p#####........######.
................@...........[...(
###...........................##.
.....<.......#####........###.##.
..........%..# #........# #....
.............# #........# #....
...###############........###....
...# #[...##....................
...# #....##.####........######.
...# #....##.########.#### ##.


You could see DasRunzen's ghost.

Vanquished Creatures
  Crazy Yiuf (D:3)
  Natasha (thrice) (D:3)
  6 adders
  4 gnolls (D:2)
  An inept feature mimic (D:3)
  2 worms
  2 giant geckos
  An orc (D:3)
  A ball python (D:2)
  3 giant cockroaches
  6 hobgoblins
  7 jackals
  9 kobolds
  A quokka (D:3)
  7 bats
  4 giant newts
  3 goblins
  9 rats
70 creatures vanquished.

Notes
Turn   | Place    | Note
--------------------------------------------------------------
     0 | D:1      | Nihil, the Spriggan Assassin, began the quest for the Orb.
     0 | D:1      | Reached XP level 1. HP: 10/10 MP: 2/2
    24 | D:1      | Reached skill level 6 in Stealth
   388 | D:1      | Reached XP level 2. HP: 14/14 MP: 4/4
   960 | D:2      | Reached skill level 7 in Stealth
  1105 | D:2      | Reached XP level 3. HP: 11/18 MP: 6/6
  1360 | D:2      | Found a blossoming altar of Fedhas.
  1860 | D:2      | Reached XP level 4. HP: 23/23 MP: 8/8
  2065 | D:3      | Noticed Natasha
  2257 | D:3      | Killed Natasha
  2409 | D:3      | Noticed Natasha
  2744 | D:3      | Killed Natasha
  2868 | D:3      | Noticed Natasha
  2869 | D:3      | Killed Natasha
  3077 | D:3      | Noticed Crazy Yiuf
  3482 | D:3      | Noticed DasRunzen's ghost (average OpCj)
  4021 | D:2      | Reached XP level 5. HP: 7/26 MP: 10/10
  4178 | D:2      | Reached skill level 8 in Stealth
  5385 | D:3      | Killed Crazy Yiuf
  5385 | D:3      | Reached skill level 5 in Dodging
  5752 | D:3      | Killed from afar by DasRunzen's ghost

Action                   |  1- 3 |  4- 6 || total
-------------------------+-------+-------++-------
Melee: Dagger            |   163 |   204 ||   367
 Fire: Blowgun           |       |     2 ||     2
Throw: Dart              |       |    18 ||    18
  Use: Scroll            |     4 |     3 ||     7
       Potion            |     3 |     1 ||     4
 Stab: Sleeping          |     8 |     2 ||    10
       Distracted        |     1 |     2 ||     3
       Invisible         |     1 |       ||     1
